Rangers vs Red Wings

Created - 12 mars 2022 at 16:30

Goals
1 2 3 T
Rangers 1 1 0 2
Red Wings 1 1 2 4
Shots
1 2 3 T
Rangers 13 9 10 32
Red Wings 13 14 12 39

GoalsPenalties
1st period
1. Rangers , Marcus Johansson 22 (Bowen Byram 22, Ryan Lindgren 40) at 3:33
2. Red Wings , Sean Couturier 34 (Jakub Vrana 30, Oliver Ekman-Larsson 30) at 4:48
No Penalty
2nd period
3. Rangers , Kyle Okposo 1 (Alex Chiasson 6, Samuel Girard 45) at 8:28
4. Red Wings , Darnell Nurse 15 (Gustav Nyquist 21, Derick Brassard 19) at 14:22
Kevin Connauton (NYR) for Hooking (Minor) at 17:05
Tyler Bertuzzi (DET) for Interference (Minor) at 18:10
3rd period
5. Red Wings , Darnell Nurse 16 (Jakub Vrana 31) at 13:16
6. Red Wings , Sean Couturier 35 (Jakub Vrana 32) at 15:27
Miles Wood (DET) for Hooking (Minor) at 8:36
Dylan Coghlan (NYR) for Roughing (Minor) at 17:10
Goalie Stats
Keith Kinkaid (NYR), 35 saves from 39 shots - (0,897), L, 9-17-3, 60:00 minutes
Vitek Vanecek (DET), 30 saves from 32 shots - (0,938), W, 24-18-4, 60:00 minutes
3 StarsOfficial
1 - Darnell Nurse (DET)
2 - Sean Couturier (DET)
3 - Jakub Vrana (DET)
Referees : Justin StPierre and Mike Hasenfratz
Linesman : Shane Heyer and Pierre Racicot
Game Note
No Game Note



Team Name Goals Shots Shots Attemp Shots Blocked PIM HIT PP PK FO%
Rangers 23266134290 / 2 (0%)047%
Red Wings 43985114280 / 2 (0%)053%

Rangers
Player Name POS G A P +/- PIM HIT SHT SB MP PP MP PP SHT PK MP PK SHT FO% FOT
Alex ChiassonLW/RW0111021112:160:0000:0000% 0
Alexandre CarrierD000-1020223:141:0201:3500% 0
Bowen ByramD011-1033122:341:0211:4300% 0
Dylan CoghlanD0000211114:190:0000:0000% 0
Gabriel VilardiC0001014013:281:1701:22043% 21
Jeff SkinnerLW0001003019:182:0201:22033% 3
Joel KivirantaLW000-301008:370:0000:0000% 0
Kevin ConnautonD0000230215:080:0000:4900% 0
Kyle OkposoLW/RW1011032012:160:0000:0000% 0
Kyle TurrisC/LW/RW000-1012017:050:0000:000100% 1
Marcus JohanssonC/LW1011003019:081:4710:00054% 26
Nils HoglanderLW/RW000-300307:430:0000:00033% 12
Pat MaroonLW000-3010110:421:1701:42033% 3
Pierre-Luc DuboisC000-1023020:341:4711:42055% 22
Ryan LindgrenD011-1002222:582:0212:0100% 0
Ryan ReavesRW0001083017:411:4700:0000% 1
Samuel GirardD011-1010319:430:0000:0000% 0
Trevor ZegrasC000-1002019:161:1700:00050% 4
Red Wings
Player Name POS G A P +/- PIM HIT SHT SB MP PP MP PP SHT PK MP PK SHT FO% FOT
Conor GarlandLW/RW0000021018:051:2700:000100% 1
Danny DeKeyserD0000013114:550:0001:3600% 0
Darnell NurseD2022052125:580:5201:2800% 0
Derick BrassardC/RW0110034018:281:3700:46054% 28
Dominik KahunC/LW/RW000000209:210:0000:29050% 14
Drake CaggiulaC/LW/RW000001309:380:0001:190100% 1
Gustav NyquistC/LW/RW0110004017:421:3700:0000% 0
Jack JohnsonD0000010218:020:0001:2800% 0
Jakob ChychrunD0002022224:320:5210:1400% 0
Jakub VranaLW/RW0332003016:571:2700:00050% 2
Miles WoodLW0000230013:540:0000:3000% 1
Nino NiederreiterLW/RW0000011013:250:0000:0000% 0
Oliver Ekman-LarssonD0110022220:412:1201:2200% 0
Oskar SundqvistC/LW/RW0000000014:440:0001:19055% 20
Sean CouturierC2022028218:421:2711:45050% 24
Sean WalkerD0000021015:522:1210:0000% 0
Tyler BertuzziLW/RW0002221016:451:3600:00050% 2
Tyler EnnisC/LW/RW000001218:190:0000:0000% 0

Rangers

5 vs 5 Forward
Line #Left WingCenterRight WingPHYDFOFWanted %Time %Time Play
1Trevor ZegrasPierre-Luc DuboisKyle Turris0233332%17:05
2Jeff SkinnerMarcus JohanssonRyan Reaves0323030%15:54
3Kyle OkposoGabriel VilardiAlex Chiasson1312223%12:16
4Joel KivirantaNils HoglanderPat Maroon2211515%7:43
5 vs 5 Defense
Line #DefenseDefensePHYDFOFWanted %Time %Time Play
1Ryan LindgrenBowen Byram0324036%18:55
2Samuel GirardAlexandre Carrier0324037%19:43
3Dylan CoghlanKevin Connauton1402027%14:20
4Bowen ByramRyan Lindgren12200%0:00
Power Play Forward
Line #Left WingCenterRight WingPHYDFOFWanted %Time %Time Play
1Pat MaroonTrevor ZegrasGabriel Vilardi0145042%1:17
2Marcus JohanssonPierre-Luc DuboisRyan Reaves0145058%1:47
Power Play Defense
Line #DefenseDefensePHYDFOFWanted %Time %Time Play
1Alexandre CarrierBowen Byram0145034%1:02
2Jeff SkinnerRyan Lindgren0235066%2:02
Penalty Kill 4 Players Forward
Line #CenterWingPHYDFOFWanted %Time %Time Play
1Gabriel VilardiJeff Skinner0415045%1:22
2Pat MaroonPierre-Luc Dubois0415055%1:42
Penalty Kill 4 Players Defense
Line #DefenseDefensePHYDFOFWanted %Time %Time Play
1Ryan LindgrenBowen Byram0325043%1:20
2Kevin ConnautonAlexandre Carrier0415057%1:44
Penalty Kill 3 Players
Line #WingPHYDFOFWanted %Time %Time PlayDefenseDefensePHYDFOFWanted %Time %Time Play
1Marcus Johansson140500%0:00 Bowen ByramRyan Lindgren140500%0:00
2Pat Maroon140500%0:00 Kevin ConnautonAlexandre Carrier140500%0:00
4 vs 4 Forward
Line #CenterWingPHYDFOFWanted %Time %Time Play
1Trevor ZegrasJoel Kiviranta02350100%0:54
2Marcus JohanssonPierre-Luc Dubois023500%0:00
4 vs 4 Defense
Line #DefensePHYDFOFWanted %Time %Time Play
1Alexandre CarrierKevin Connauton02350100%50% - 0:54
2Ryan LindgrenBowen Byram032500%50% - 0:00
Last Minutes Offensive
Left WingCenterRight WingDefenseDefense
Kyle TurrisPierre-Luc DuboisJeff SkinnerTrevor ZegrasKevin Connauton
Last Minutes Defensive
Left WingCenterRight WingDefenseDefense
Gabriel VilardiMarcus JohanssonRyan ReavesRyan LindgrenAlexandre Carrier
Time
Total ForwardTotal DefenseLast Minutes OffensiveLast Minutes Defensive
60:00 60:00 0:000:00
Extra Forwards
Normal PowerPlayPenalty Kill
Trevor Zegras, Marcus Johansson, Pierre-Luc DuboisPierre-Luc Dubois, Pat MaroonMarcus Johansson
Extra Defensemen
Normal PowerPlayPenalty Kill
Ryan Lindgren, Kevin Connauton, Alexandre CarrierAlexandre Carrier, Ryan LindgrenAlexandre Carrier
Penalty Shots
Pierre-Luc Dubois, Pat Maroon, Trevor Zegras, Marcus Johansson, Ryan Lindgren
Goalie
Keith Kinkaid, Igor Shesterkin
Custom OT Lines Forwards
Gabriel Vilardi, Trevor Zegras, Ryan Reaves, Pierre-Luc Dubois, Nils Hoglander, Marcus Johansson, Pat Maroon, Joel Kiviranta, Kyle Turris, Jeff Skinner
Custom OT Lines Defensemen
Alexandre Carrier, Ryan Lindgren, Bowen Byram, Samuel Girard, Kevin Connauton
Scratches
Akil Thomas (Healthy), Wayne Simmonds (Healthy), Jordie Benn (Sprained Right Finger Injury), Philip Tomasino (Healthy), Darren Raddysh (Suspend)

Red Wings

5 vs 5 Forward
Line #Left WingCenterRight WingPHYDFOFWanted %Time %Time Play
1Jakub VranaSean CouturierTyler Bertuzzi1223029%15:09
2Gustav NyquistDerick BrassardConor Garland1223030%16:05
3Nino NiederreiterOskar SundqvistMiles Wood1222425%13:25
4Tyler EnnisDominik KahunDrake Caggiula1221616%8:19
5 vs 5 Defense
Line #DefenseDefensePHYDFOFWanted %Time %Time Play
1Darnell NurseJakob Chychrun1223029%15:08
2Oliver Ekman-LarssonJack Johnson1223031%16:34
3Sean WalkerDanny DeKeyser1222425%13:19
4Darnell NurseJakob Chychrun1221615%7:57
Power Play Forward
Line #Left WingCenterRight WingPHYDFOFWanted %Time %Time Play
1Conor GarlandSean CouturierJakub Vrana1225047%1:27
2Tyler BertuzziDerick BrassardGustav Nyquist1225053%1:37
Power Play Defense
Line #DefenseDefensePHYDFOFWanted %Time %Time Play
1Darnell NurseJakob Chychrun1225028%0:52
2Oliver Ekman-LarssonSean Walker1225072%2:12
Penalty Kill 4 Players Forward
Line #CenterWingPHYDFOFWanted %Time %Time Play
1Sean CouturierMiles Wood1225057%1:45
2Oskar SundqvistDrake Caggiula1225043%1:19
Penalty Kill 4 Players Defense
Line #DefenseDefensePHYDFOFWanted %Time %Time Play
1Darnell NurseJack Johnson1225048%1:28
2Oliver Ekman-LarssonDanny DeKeyser1225052%1:36
Penalty Kill 3 Players
Line #WingPHYDFOFWanted %Time %Time PlayDefenseDefensePHYDFOFWanted %Time %Time Play
1Sean Couturier122500%0:00 Darnell NurseJack Johnson122500%0:00
2Oskar Sundqvist122500%0:00 Oliver Ekman-LarssonDanny DeKeyser122500%0:00
4 vs 4 Forward
Line #CenterWingPHYDFOFWanted %Time %Time Play
1Sean CouturierJakub Vrana1225039%0:21
2Tyler BertuzziConor Garland1225061%0:33
4 vs 4 Defense
Line #DefensePHYDFOFWanted %Time %Time Play
1Darnell NurseOliver Ekman-Larsson1225061%50% - 0:33
2Jakob ChychrunSean Walker1225039%50% - 0:21
Last Minutes Offensive
Left WingCenterRight WingDefenseDefense
Jakub VranaSean CouturierConor GarlandDarnell NurseJakob Chychrun
Last Minutes Defensive
Left WingCenterRight WingDefenseDefense
Miles WoodSean CouturierOskar SundqvistDarnell NurseJack Johnson
Time
Total ForwardTotal DefenseLast Minutes OffensiveLast Minutes Defensive
60:00 60:00 0:000:00
Extra Forwards
Normal PowerPlayPenalty Kill
Sean Couturier, Conor Garland, Tyler BertuzziNino Niederreiter, Derick BrassardDerick Brassard
Extra Defensemen
Normal PowerPlayPenalty Kill
Darnell Nurse, Oliver Ekman-Larsson, Jakob ChychrunOliver Ekman-Larsson, Jakob ChychrunDarnell Nurse
Penalty Shots
Sean Couturier, Tyler Bertuzzi, Conor Garland, Nino Niederreiter, Miles Wood
Goalie
Vitek Vanecek, Calvin Petersen
Custom OT Lines Forwards
Sean Couturier, Tyler Bertuzzi, Jakub Vrana, Conor Garland, Gustav Nyquist, Nino Niederreiter, Tyler Ennis, Miles Wood, Derick Brassard, Oskar Sundqvist
Custom OT Lines Defensemen
Darnell Nurse, Jakob Chychrun, Oliver Ekman-Larsson, Sean Walker, Danny DeKeyser
Scratches
Dylan Sikura (Healthy), Slater Koekkoek (Healthy), Mason Marchment (Healthy)


Play-by-Play

1st period


0:01 of 1st period - Pierre-Luc Dubois wins face-off versus Sean Couturier in neutral zone.
0:10 of 1st period - Pierre-Luc Dubois is hit by Darnell Nurse.
0:36 of 1st period - Icing by Tyler Bertuzzi.
0:37 of 1st period - Sean Couturier wins face-off versus Marcus Johansson in Red Wings zone.
1:13 of 1st period - Shot by Jeff Skinner.
1:13 of 1st period - Shot Misses the Net.
1:38 of 1st period - Samuel Girard is hit by Derick Brassard and loses puck.
1:58 of 1st period - Icing by Gabriel Vilardi.
1:59 of 1st period - Gabriel Vilardi wins face-off versus Oskar Sundqvist in Rangers zone.
3:08 of 1st period - Shot by Nils Hoglander.
3:08 of 1st period - Stopped by Vitek Vanecek without a rebound.
3:09 of 1st period - Pierre-Luc Dubois wins face-off versus Dominik Kahun in Red Wings zone.
3:11 of 1st period - Trevor Zegras is hit by Darnell Nurse and loses puck.
3:20 of 1st period - Shot by Drake Caggiula.
3:20 of 1st period - Stopped by Keith Kinkaid without a rebound.
3:21 of 1st period - Marcus Johansson wins face-off versus Derick Brassard in Rangers zone.
3:21 of 1st period - Marcus Johansson is hit by Derick Brassard.
3:33 of 1st period - Shot by Marcus Johansson.
3:33 of 1st period - Goal by Marcus Johansson - Rangers : 1 - Red Wings : 0.
3:34 of 1st period - Pierre-Luc Dubois wins face-off versus Dominik Kahun in neutral zone.
3:34 of 1st period - Trevor Zegras is hit by Drake Caggiula and loses puck.
4:31 of 1st period - Tyler Bertuzzi is hit by Pierre-Luc Dubois and loses puck.
4:41 of 1st period - Jakub Vrana is hit by Bowen Byram and loses puck.
4:44 of 1st period - Shot by Sean Couturier.
4:44 of 1st period - Shot Misses the Net.
4:46 of 1st period - Shot by Sean Couturier.
4:46 of 1st period - Shot Misses the Net.
4:48 of 1st period - Shot by Sean Couturier.
4:48 of 1st period - Goal by Sean Couturier - Rangers : 1 - Red Wings : 1.
4:49 of 1st period - Gabriel Vilardi wins face-off versus Derick Brassard in neutral zone.
4:58 of 1st period - Shot by Kyle Okposo.
4:58 of 1st period - Shot Blocked by Danny DeKeyser.
5:00 of 1st period - Shot by Alex Chiasson.
5:00 of 1st period - Stopped by Vitek Vanecek with a rebound.
5:02 of 1st period - Shot by Gabriel Vilardi.
5:02 of 1st period - Stopped by Vitek Vanecek without a rebound.
5:03 of 1st period - Sean Couturier wins face-off versus Marcus Johansson in Red Wings zone.
5:15 of 1st period - Tyler Bertuzzi is hit by Ryan Reaves.
5:27 of 1st period - Shot by Marcus Johansson.
5:27 of 1st period - Shot Blocked by Jack Johnson.
5:29 of 1st period - Shot by Ryan Reaves.
5:29 of 1st period - Stopped by Vitek Vanecek without a rebound.
5:30 of 1st period - Derick Brassard wins face-off versus Nils Hoglander in Red Wings zone.
5:45 of 1st period - Shot by Nils Hoglander.
5:45 of 1st period - Stopped by Vitek Vanecek with a rebound.
6:04 of 1st period - Shot by Dylan Coghlan.
6:04 of 1st period - Stopped by Vitek Vanecek without a rebound.
6:05 of 1st period - Oskar Sundqvist wins face-off versus Gabriel Vilardi in Red Wings zone.
6:05 of 1st period - Oskar Sundqvist is hit by Kyle Okposo.
6:31 of 1st period - Alex Chiasson is hit by Miles Wood and loses puck.
7:07 of 1st period - Off-side.
7:08 of 1st period - Sean Couturier wins face-off versus Marcus Johansson in neutral zone.
7:10 of 1st period - Off-side.
7:11 of 1st period - Marcus Johansson wins face-off versus Sean Couturier in neutral zone.
7:13 of 1st period - Off-side.
7:14 of 1st period - Conor Garland wins face-off versus Pierre-Luc Dubois in neutral zone.
7:21 of 1st period - Shot by Jakob Chychrun.
7:21 of 1st period - Shot Blocked by Alexandre Carrier.
7:23 of 1st period - Shot by Jakob Chychrun.
7:23 of 1st period - Shot Blocked by Samuel Girard.
7:25 of 1st period - Shot by Jakob Chychrun.
7:25 of 1st period - Stopped by Keith Kinkaid with a rebound.
7:29 of 1st period - Shot by Conor Garland.
7:29 of 1st period - Stopped by Keith Kinkaid with a rebound.
7:38 of 1st period - Gustav Nyquist is hit by Samuel Girard and loses puck.
7:41 of 1st period - Shot by Gustav Nyquist.
7:41 of 1st period - Stopped by Keith Kinkaid with a rebound.
8:22 of 1st period - Shot by Bowen Byram.
8:22 of 1st period - Stopped by Vitek Vanecek without a rebound.
8:23 of 1st period - Dominik Kahun wins face-off versus Marcus Johansson in Red Wings zone.
8:23 of 1st period - Dominik Kahun is hit by Ryan Reaves.
8:44 of 1st period - Shot by Marcus Johansson.
8:44 of 1st period - Shot Misses the Net.
8:59 of 1st period - Ryan Reaves is hit by Sean Walker and loses puck.
9:50 of 1st period - Shot by Sean Couturier.
9:50 of 1st period - Stopped by Keith Kinkaid without a rebound.
9:51 of 1st period - Gabriel Vilardi wins face-off versus Oskar Sundqvist in Rangers zone.
10:00 of 1st period - Shot by Alex Chiasson.
10:00 of 1st period - Shot Misses the Net.
10:54 of 1st period - Icing by Jack Johnson.
10:55 of 1st period - Derick Brassard wins face-off versus Pierre-Luc Dubois in Red Wings zone.
10:57 of 1st period - Icing by Jack Johnson.
10:58 of 1st period - Derick Brassard wins face-off versus Ryan Reaves in Red Wings zone.
11:09 of 1st period - Shot by Conor Garland.
11:09 of 1st period - Shot Misses the Net.
11:26 of 1st period - Shot by Derick Brassard.
11:26 of 1st period - Shot Misses the Net.
11:50 of 1st period - Icing by Jeff Skinner.
11:51 of 1st period - Jeff Skinner wins face-off versus Sean Couturier in Rangers zone.
11:51 of 1st period - Jeff Skinner is hit by Tyler Bertuzzi.
12:19 of 1st period - Jakub Vrana is hit by Dylan Coghlan and loses puck.
12:28 of 1st period - Shot by Kyle Turris.
12:28 of 1st period - Stopped by Vitek Vanecek without a rebound.
12:29 of 1st period - Nils Hoglander wins face-off versus Oskar Sundqvist in Red Wings zone.
12:29 of 1st period - Nils Hoglander is hit by Sean Walker.
12:34 of 1st period - Icing by Oskar Sundqvist.
12:35 of 1st period - Oskar Sundqvist wins face-off versus Nils Hoglander in Red Wings zone.
13:08 of 1st period - Shot by Miles Wood.
13:08 of 1st period - Shot Misses the Net.
13:33 of 1st period - Sean Walker is hit by Bowen Byram and loses puck.
13:55 of 1st period - Shot by Jakub Vrana.
13:55 of 1st period - Stopped by Keith Kinkaid without a rebound.
13:56 of 1st period - Derick Brassard wins face-off versus Marcus Johansson in Rangers zone.
13:57 of 1st period - Shot by Conor Garland.
13:57 of 1st period - Shot Misses the Net.
14:05 of 1st period - Shot by Derick Brassard.
14:05 of 1st period - Stopped by Keith Kinkaid without a rebound.
14:06 of 1st period - Sean Couturier wins face-off versus Gabriel Vilardi in Rangers zone.
14:07 of 1st period - Shot by Tyler Bertuzzi.
14:07 of 1st period - Stopped by Keith Kinkaid with a rebound.
14:44 of 1st period - Sean Couturier is hit by Gabriel Vilardi.
15:31 of 1st period - Icing by Bowen Byram.
15:32 of 1st period - Drake Caggiula wins face-off versus Pierre-Luc Dubois in Rangers zone.
15:32 of 1st period - Drake Caggiula is hit by Bowen Byram.
15:36 of 1st period - Shot by Tyler Ennis.
15:36 of 1st period - Stopped by Keith Kinkaid with a rebound.
15:38 of 1st period - Shot by Drake Caggiula.
15:38 of 1st period - Stopped by Keith Kinkaid with a rebound.
16:00 of 1st period - Shot by Drake Caggiula.
16:00 of 1st period - Stopped by Keith Kinkaid with a rebound.
16:02 of 1st period - Shot by Tyler Ennis.
16:02 of 1st period - Shot Misses the Net.
16:04 of 1st period - Shot by Danny DeKeyser.
16:04 of 1st period - Shot Misses the Net.
16:06 of 1st period - Shot by Danny DeKeyser.
16:06 of 1st period - Stopped by Keith Kinkaid without a rebound.
16:07 of 1st period - Derick Brassard wins face-off versus Marcus Johansson in Rangers zone.
16:12 of 1st period - Shot by Derick Brassard.
16:12 of 1st period - Shot Misses the Net.
16:17 of 1st period - Marcus Johansson is hit by Derick Brassard.
16:32 of 1st period - Off-side.
16:33 of 1st period - Nils Hoglander wins face-off versus Sean Couturier in neutral zone.
16:46 of 1st period - Nils Hoglander is hit by Sean Couturier and loses puck.
17:08 of 1st period - Darnell Nurse is hit by Kevin Connauton and loses puck.
17:27 of 1st period - Shot by Marcus Johansson.
17:27 of 1st period - Shot Blocked by Sean Couturier.
17:29 of 1st period - Shot by Ryan Reaves.
17:29 of 1st period - Shot Misses the Net.
17:31 of 1st period - Shot by Marcus Johansson.
17:31 of 1st period - Shot Misses the Net.
17:33 of 1st period - Shot by Ryan Reaves.
17:33 of 1st period - Stopped by Vitek Vanecek without a rebound.
17:34 of 1st period - Pierre-Luc Dubois wins face-off versus Derick Brassard in Red Wings zone.
17:34 of 1st period - Pierre-Luc Dubois is hit by Oliver Ekman-Larsson.
17:42 of 1st period - Shot by Pierre-Luc Dubois.
17:42 of 1st period - Shot Misses the Net.
17:44 of 1st period - Shot by Ryan Lindgren.
17:44 of 1st period - Stopped by Vitek Vanecek without a rebound.
17:45 of 1st period - Dominik Kahun wins face-off versus Jeff Skinner in Red Wings zone.
17:45 of 1st period - Danny DeKeyser is hit by Ryan Reaves and loses puck.
17:55 of 1st period - Off-side.
17:56 of 1st period - Derick Brassard wins face-off versus Pierre-Luc Dubois in neutral zone.
17:59 of 1st period - Shot by Conor Garland.
17:59 of 1st period - Shot Misses the Net.
18:22 of 1st period - Shot by Pierre-Luc Dubois.
18:22 of 1st period - Stopped by Vitek Vanecek without a rebound.
18:23 of 1st period - Oskar Sundqvist wins face-off versus Marcus Johansson in Red Wings zone.
18:23 of 1st period - Oskar Sundqvist is hit by Ryan Reaves.
19:03 of 1st period - Shot by Marcus Johansson.
19:03 of 1st period - Shot Blocked by Jakob Chychrun.
19:36 of 1st period - Kyle Turris is hit by Jack Johnson and loses puck.
19:53 of 1st period - Shot by Kyle Turris.
19:53 of 1st period - Stopped by Vitek Vanecek without a rebound.
19:54 of 1st period - Derick Brassard wins face-off versus Gabriel Vilardi in Red Wings zone.
Goals for this period are 1 for Rangers vs 1 for Red Wings.
Shots for this period are 13 for Rangers vs 13 for Red Wings.

2nd period


0:01 of 2nd period - Pierre-Luc Dubois wins face-off versus Derick Brassard in neutral zone.
0:27 of 2nd period - Icing by Darnell Nurse.
0:28 of 2nd period - Derick Brassard wins face-off versus Gabriel Vilardi in Red Wings zone.
0:28 of 2nd period - Conor Garland is hit by Alex Chiasson.
0:29 of 2nd period - Icing by Conor Garland.
0:30 of 2nd period - Gabriel Vilardi wins face-off versus Derick Brassard in Red Wings zone.
0:30 of 2nd period - Samuel Girard is hit by Darnell Nurse.
0:38 of 2nd period - Shot by Kyle Okposo.
0:38 of 2nd period - Deflect By Alex Chiasson.
0:38 of 2nd period - Shot Misses the Net.
0:44 of 2nd period - Shot by Darnell Nurse.
0:44 of 2nd period - Shot Misses the Net.
0:46 of 2nd period - Shot by Gustav Nyquist.
0:46 of 2nd period - Stopped by Keith Kinkaid with a rebound.
0:48 of 2nd period - Shot by Derick Brassard.
0:48 of 2nd period - Shot Misses the Net.
0:58 of 2nd period - Shot by Gabriel Vilardi.
0:58 of 2nd period - Stopped by Vitek Vanecek without a rebound.
0:59 of 2nd period - Marcus Johansson wins face-off versus Sean Couturier in Red Wings zone.
2:00 of 2nd period - Shot by Pierre-Luc Dubois.
2:00 of 2nd period - Shot Misses the Net.
2:02 of 2nd period - Shot by Samuel Girard.
2:02 of 2nd period - Deflect By Trevor Zegras.
2:02 of 2nd period - Stopped by Vitek Vanecek without a rebound.
2:03 of 2nd period - Oskar Sundqvist wins face-off versus Gabriel Vilardi in Red Wings zone.
2:18 of 2nd period - Shot by Nino Niederreiter.
2:18 of 2nd period - Shot Misses the Net.
2:21 of 2nd period - Icing by Alexandre Carrier.
2:22 of 2nd period - Gabriel Vilardi wins face-off versus Dominik Kahun in Rangers zone.
2:34 of 2nd period - Shot by Gabriel Vilardi.
2:34 of 2nd period - Stopped by Vitek Vanecek with a rebound.
2:54 of 2nd period - Danny DeKeyser is hit by Alex Chiasson and loses puck.
3:07 of 2nd period - Shot by Trevor Zegras.
3:07 of 2nd period - Shot Blocked by Tyler Ennis.
3:16 of 2nd period - Icing by Danny DeKeyser.
3:17 of 2nd period - Marcus Johansson wins face-off versus Dominik Kahun in Red Wings zone.
4:00 of 2nd period - Off-side.
4:01 of 2nd period - Oskar Sundqvist wins face-off versus Pierre-Luc Dubois in neutral zone.
4:11 of 2nd period - Miles Wood is hit by Kevin Connauton and loses puck.
4:19 of 2nd period - Miles Wood is hit by Kevin Connauton and loses puck.
4:41 of 2nd period - Icing by Jack Johnson.
4:42 of 2nd period - Nils Hoglander wins face-off versus Oskar Sundqvist in Red Wings zone.
5:24 of 2nd period - Shot by Sean Couturier.
5:24 of 2nd period - Deflect By Jakub Vrana.
5:24 of 2nd period - Shot Misses the Net.
5:28 of 2nd period - Shot by Tyler Bertuzzi.
5:28 of 2nd period - Deflect By Jakub Vrana.
5:28 of 2nd period - Stopped by Keith Kinkaid without a rebound.
5:29 of 2nd period - Marcus Johansson wins face-off versus Derick Brassard in Rangers zone.
5:29 of 2nd period - Marcus Johansson is hit by Conor Garland.
5:37 of 2nd period - Off-side.
5:38 of 2nd period - Derick Brassard wins face-off versus Trevor Zegras in neutral zone.
5:53 of 2nd period - Shot by Conor Garland.
5:53 of 2nd period - Shot Misses the Net.
5:55 of 2nd period - Shot by Sean Walker.
5:55 of 2nd period - Deflect By Conor Garland.
5:55 of 2nd period - Shot Misses the Net.
5:57 of 2nd period - Shot by Conor Garland.
5:57 of 2nd period - Shot Misses the Net.
6:09 of 2nd period - Shot by Gustav Nyquist.
6:09 of 2nd period - Shot Blocked by Ryan Lindgren.
6:44 of 2nd period - Shot by Marcus Johansson.
6:44 of 2nd period - Shot Hit the Post.
6:46 of 2nd period - Shot by Jeff Skinner.
6:46 of 2nd period - Stopped by Vitek Vanecek without a rebound.
6:47 of 2nd period - Sean Couturier wins face-off versus Gabriel Vilardi in Red Wings zone.
7:04 of 2nd period - Shot by Jakub Vrana.
7:04 of 2nd period - Stopped by Keith Kinkaid without a rebound.
7:05 of 2nd period - Marcus Johansson wins face-off versus Oskar Sundqvist in Rangers zone.
7:05 of 2nd period - Marcus Johansson is hit by Nino Niederreiter.
7:33 of 2nd period - Shot by Jeff Skinner.
7:33 of 2nd period - Stopped by Vitek Vanecek without a rebound.
7:34 of 2nd period - Tyler Bertuzzi wins face-off versus Pierre-Luc Dubois in Red Wings zone.
7:46 of 2nd period - Ryan Lindgren is hit by Sean Couturier and loses puck.
7:52 of 2nd period - Icing by Jakob Chychrun.
7:53 of 2nd period - Gabriel Vilardi wins face-off versus Tyler Bertuzzi in Red Wings zone.
8:04 of 2nd period - Shot by Kyle Okposo.
8:04 of 2nd period - Stopped by Vitek Vanecek without a rebound.
8:05 of 2nd period - Pierre-Luc Dubois wins face-off versus Dominik Kahun in Red Wings zone.
8:18 of 2nd period - Shot by Trevor Zegras.
8:18 of 2nd period - Shot Misses the Net.
8:20 of 2nd period - Shot by Bowen Byram.
8:20 of 2nd period - Stopped by Vitek Vanecek without a rebound.
8:21 of 2nd period - Gabriel Vilardi wins face-off versus Sean Couturier in Red Wings zone.
8:24 of 2nd period - Shot by Samuel Girard.
8:24 of 2nd period - Shot Misses the Net.
8:26 of 2nd period - Shot by Alex Chiasson.
8:26 of 2nd period - Shot Hit the Post.
8:28 of 2nd period - Shot by Kyle Okposo.
8:28 of 2nd period - Goal by Kyle Okposo - Rangers : 2 - Red Wings : 1.
8:29 of 2nd period - Sean Couturier wins face-off versus Pierre-Luc Dubois in neutral zone.
8:52 of 2nd period - Trevor Zegras is hit by Darnell Nurse and loses puck.
9:07 of 2nd period - Shot by Pierre-Luc Dubois.
9:07 of 2nd period - Shot Misses the Net.
9:09 of 2nd period - Shot by Pierre-Luc Dubois.
9:09 of 2nd period - Shot Misses the Net.
9:40 of 2nd period - Shot by Gustav Nyquist.
9:40 of 2nd period - Shot Misses the Net.
9:46 of 2nd period - Shot by Ryan Lindgren.
9:46 of 2nd period - Shot Blocked by Jack Johnson.
9:48 of 2nd period - Shot by Ryan Lindgren.
9:48 of 2nd period - Deflect By Marcus Johansson.
9:48 of 2nd period - Shot Blocked by Oliver Ekman-Larsson.
10:35 of 2nd period - Danny DeKeyser is hit by Kyle Okposo and loses puck.
10:52 of 2nd period - Shot by Sean Walker.
10:52 of 2nd period - Shot Blocked by Kevin Connauton.
10:54 of 2nd period - Shot by Danny DeKeyser.
10:54 of 2nd period - Stopped by Keith Kinkaid with a rebound.
10:56 of 2nd period - Shot by Danny DeKeyser.
10:56 of 2nd period - Stopped by Keith Kinkaid without a rebound.
10:57 of 2nd period - Dominik Kahun wins face-off versus Nils Hoglander in Rangers zone.
10:57 of 2nd period - Dominik Kahun is hit by Alexandre Carrier.
11:01 of 2nd period - Shot by Darnell Nurse.
11:01 of 2nd period - Shot Blocked by Alexandre Carrier.
11:03 of 2nd period - Shot by Drake Caggiula.
11:03 of 2nd period - Shot Misses the Net.
11:25 of 2nd period - Off-side.
11:26 of 2nd period - Pierre-Luc Dubois wins face-off versus Sean Couturier in neutral zone.
11:32 of 2nd period - Pierre-Luc Dubois is hit by Danny DeKeyser.
11:54 of 2nd period - Shot by Pierre-Luc Dubois.
11:54 of 2nd period - Deflect By Trevor Zegras.
11:54 of 2nd period - Stopped by Vitek Vanecek without a rebound.
11:55 of 2nd period - Oskar Sundqvist wins face-off versus Marcus Johansson in Red Wings zone.
12:38 of 2nd period - Shot by Jeff Skinner.
12:38 of 2nd period - Shot Misses the Net.
12:53 of 2nd period - Icing by Kyle Turris.
12:54 of 2nd period - Pierre-Luc Dubois wins face-off versus Derick Brassard in Rangers zone.
12:56 of 2nd period - Icing by Kyle Turris.
12:57 of 2nd period - Kyle Turris wins face-off versus Derick Brassard in Rangers zone.
13:12 of 2nd period - Shot by Oliver Ekman-Larsson.
13:12 of 2nd period - Stopped by Keith Kinkaid with a rebound.
13:16 of 2nd period - Shot by Conor Garland.
13:16 of 2nd period - Shot Misses the Net.
13:18 of 2nd period - Shot by Oliver Ekman-Larsson.
13:18 of 2nd period - Stopped by Keith Kinkaid without a rebound.
13:19 of 2nd period - Sean Couturier wins face-off versus Gabriel Vilardi in Rangers zone.
13:26 of 2nd period - Danny DeKeyser is hit by Kyle Okposo and loses puck.
14:16 of 2nd period - Icing by Joel Kiviranta.
14:17 of 2nd period - Derick Brassard wins face-off versus Nils Hoglander in Rangers zone.
14:18 of 2nd period - Shot by Darnell Nurse.
14:18 of 2nd period - Shot Blocked by Samuel Girard.
14:20 of 2nd period - Shot by Gustav Nyquist.
14:20 of 2nd period - Shot Misses the Net.
14:22 of 2nd period - Shot by Darnell Nurse.
14:22 of 2nd period - Goal by Darnell Nurse - Rangers : 2 - Red Wings : 2.
14:23 of 2nd period - Dominik Kahun wins face-off versus Pierre-Luc Dubois in neutral zone.
14:34 of 2nd period - Shot by Jakob Chychrun.
14:34 of 2nd period - Shot Misses the Net.
14:46 of 2nd period - Shot by Tyler Ennis.
14:46 of 2nd period - Deflect By Dominik Kahun.
14:46 of 2nd period - Stopped by Keith Kinkaid without a rebound.
14:47 of 2nd period - Derick Brassard wins face-off versus Marcus Johansson in Rangers zone.
14:48 of 2nd period - Shot by Gustav Nyquist.
14:48 of 2nd period - Shot Misses the Net.
15:06 of 2nd period - Shot by Gustav Nyquist.
15:06 of 2nd period - Stopped by Keith Kinkaid without a rebound.
15:07 of 2nd period - Oskar Sundqvist wins face-off versus Pierre-Luc Dubois in Rangers zone.
15:27 of 2nd period - Oskar Sundqvist is hit by Alexandre Carrier and loses puck.
15:36 of 2nd period - Shot by Darnell Nurse.
15:36 of 2nd period - Shot Blocked by Samuel Girard.
16:04 of 2nd period - Shot by Derick Brassard.
16:04 of 2nd period - Stopped by Keith Kinkaid without a rebound.
16:05 of 2nd period - Derick Brassard wins face-off versus Nils Hoglander in Rangers zone.
16:14 of 2nd period - Shot by Derick Brassard.
16:14 of 2nd period - Stopped by Keith Kinkaid with a rebound.
16:16 of 2nd period - Shot by Jack Johnson.
16:16 of 2nd period - Shot Misses the Net.
16:20 of 2nd period - Shot by Conor Garland.
16:20 of 2nd period - Shot Misses the Net.
16:22 of 2nd period - Shot by Gustav Nyquist.
16:22 of 2nd period - Stopped by Keith Kinkaid with a rebound.
16:32 of 2nd period - Shot by Conor Garland.
16:32 of 2nd period - Deflect By Derick Brassard.
16:32 of 2nd period - Stopped by Keith Kinkaid without a rebound.
16:33 of 2nd period - Marcus Johansson wins face-off versus Sean Couturier in Rangers zone.
16:38 of 2nd period - Off-side.
16:39 of 2nd period - Dominik Kahun wins face-off versus Gabriel Vilardi in neutral zone.
17:05 of 2nd period - Minor Penalty to Kevin Connauton for Hooking.
17:06 of 2nd period - Sean Couturier wins face-off versus Pat Maroon in Rangers zone.
17:31 of 2nd period - Shot by Oliver Ekman-Larsson.
17:31 of 2nd period - Shot Blocked by Pat Maroon.
18:10 of 2nd period - Minor Penalty to Tyler Bertuzzi for Interference.
18:11 of 2nd period - Dominik Kahun wins face-off versus Trevor Zegras in Red Wings zone.
18:11 of 2nd period - Dominik Kahun is hit by Joel Kiviranta.
19:48 of 2nd period - Oliver Ekman-Larsson is hit by Ryan Reaves and loses puck.
Goals for this period are 1 for Rangers vs 1 for Red Wings.
Shots for this period are 9 for Rangers vs 14 for Red Wings.

3rd period


0:01 of 3rd period - Trevor Zegras wins face-off versus Miles Wood in neutral zone.
0:04 of 3rd period - Danny DeKeyser is hit by Pat Maroon and loses puck.
0:09 of 3rd period - Shot by Bowen Byram.
0:09 of 3rd period - Stopped by Vitek Vanecek without a rebound.
0:10 of 3rd period - Marcus Johansson wins face-off versus Derick Brassard in Red Wings zone.
0:10 of 3rd period - Ryan Reaves is hit by Jakob Chychrun and loses puck.
0:35 of 3rd period - Shot by Jeff Skinner.
0:35 of 3rd period - Deflect By Marcus Johansson.
0:35 of 3rd period - Shot Misses the Net.
1:13 of 3rd period - Shot by Pierre-Luc Dubois.
1:13 of 3rd period - Shot Blocked by Oliver Ekman-Larsson.
1:24 of 3rd period - Shot by Sean Couturier.
1:24 of 3rd period - Stopped by Keith Kinkaid with a rebound.
1:26 of 3rd period - Shot by Sean Couturier.
1:26 of 3rd period - Stopped by Keith Kinkaid without a rebound.
1:27 of 3rd period - Oskar Sundqvist wins face-off versus Gabriel Vilardi in Rangers zone.
1:38 of 3rd period - Icing by Oskar Sundqvist.
1:39 of 3rd period - Oskar Sundqvist wins face-off versus Nils Hoglander in Red Wings zone.
2:04 of 3rd period - Shot by Joel Kiviranta.
2:04 of 3rd period - Shot Misses the Net.
2:20 of 3rd period - Shot by Joel Kiviranta.
2:20 of 3rd period - Deflect By Nils Hoglander.
2:20 of 3rd period - Stopped by Vitek Vanecek with a rebound.
2:30 of 3rd period - Marcus Johansson is hit by Miles Wood and loses puck.
2:49 of 3rd period - Shot by Jakub Vrana.
2:49 of 3rd period - Shot Misses the Net.
3:05 of 3rd period - Bowen Byram is hit by Tyler Bertuzzi.
3:21 of 3rd period - Darnell Nurse is hit by Pierre-Luc Dubois.
3:33 of 3rd period - Jakub Vrana is hit by Kyle Turris and loses puck.
4:11 of 3rd period - Icing by Gustav Nyquist.
4:12 of 3rd period - Gabriel Vilardi wins face-off versus Derick Brassard in Red Wings zone.
4:17 of 3rd period - Shot by Gabriel Vilardi.
4:17 of 3rd period - Shot Misses the Net.
4:39 of 3rd period - Shot by Gabriel Vilardi.
4:39 of 3rd period - Stopped by Vitek Vanecek without a rebound.
4:40 of 3rd period - Dominik Kahun wins face-off versus Jeff Skinner in Red Wings zone.
4:40 of 3rd period - Dominik Kahun is hit by Ryan Reaves.
4:45 of 3rd period - Off-side.
4:46 of 3rd period - Marcus Johansson wins face-off versus Dominik Kahun in neutral zone.
4:58 of 3rd period - Shot by Dominik Kahun.
4:58 of 3rd period - Stopped by Keith Kinkaid without a rebound.
4:59 of 3rd period - Pierre-Luc Dubois wins face-off versus Oskar Sundqvist in Rangers zone.
5:10 of 3rd period - Shot by Pierre-Luc Dubois.
5:10 of 3rd period - Shot Misses the Net.
5:12 of 3rd period - Shot by Kyle Turris.
5:12 of 3rd period - Shot Blocked by Darnell Nurse.
5:14 of 3rd period - Shot by Kyle Turris.
5:14 of 3rd period - Shot Misses the Net.
5:16 of 3rd period - Shot by Samuel Girard.
5:16 of 3rd period - Shot Blocked by Jakob Chychrun.
5:29 of 3rd period - Off-side.
5:30 of 3rd period - Sean Couturier wins face-off versus Gabriel Vilardi in neutral zone.
5:39 of 3rd period - Shot by Jakub Vrana.
5:39 of 3rd period - Shot Misses the Net.
5:41 of 3rd period - Shot by Sean Couturier.
5:41 of 3rd period - Stopped by Keith Kinkaid without a rebound.
5:42 of 3rd period - Derick Brassard wins face-off versus Marcus Johansson in Rangers zone.
5:45 of 3rd period - Shot by Gustav Nyquist.
5:45 of 3rd period - Shot Blocked by Kevin Connauton.
5:53 of 3rd period - Shot by Marcus Johansson.
5:53 of 3rd period - Stopped by Vitek Vanecek without a rebound.
5:54 of 3rd period - Sean Couturier wins face-off versus Gabriel Vilardi in Red Wings zone.
6:03 of 3rd period - Shot by Tyler Bertuzzi.
6:03 of 3rd period - Shot Misses the Net.
6:15 of 3rd period - Shot by Alex Chiasson.
6:15 of 3rd period - Shot Blocked by Sean Couturier.
7:39 of 3rd period - Shot by Pierre-Luc Dubois.
7:39 of 3rd period - Stopped by Vitek Vanecek with a rebound.
7:41 of 3rd period - Shot by Kyle Turris.
7:41 of 3rd period - Shot Misses the Net.
8:24 of 3rd period - Shot by Tyler Ennis.
8:24 of 3rd period - Stopped by Keith Kinkaid without a rebound.
8:25 of 3rd period - Nils Hoglander wins face-off versus Oskar Sundqvist in Rangers zone.
8:31 of 3rd period - Ryan Lindgren is hit by Miles Wood and loses puck.
8:36 of 3rd period - Minor Penalty to Miles Wood for Hooking.
8:37 of 3rd period - Pierre-Luc Dubois wins face-off versus Sean Couturier in Red Wings zone.
8:44 of 3rd period - Shot by Marcus Johansson.
8:44 of 3rd period - Deflect By Pierre-Luc Dubois.
8:44 of 3rd period - Stopped by Vitek Vanecek without a rebound.
8:45 of 3rd period - Trevor Zegras wins face-off versus Oskar Sundqvist in Red Wings zone.
8:51 of 3rd period - Gabriel Vilardi is hit by Oliver Ekman-Larsson and loses puck.
8:54 of 3rd period - Shot by Ryan Lindgren.
8:54 of 3rd period - Stopped by Vitek Vanecek without a rebound.
8:55 of 3rd period - Marcus Johansson wins face-off versus Sean Couturier in Red Wings zone.
9:04 of 3rd period - Shot by Marcus Johansson.
9:04 of 3rd period - Stopped by Vitek Vanecek with a rebound.
10:41 of 3rd period - Shot by Nino Niederreiter.
10:41 of 3rd period - Shot Blocked by Alex Chiasson.
10:43 of 3rd period - Shot by Miles Wood.
10:43 of 3rd period - Deflect By Nino Niederreiter.
10:43 of 3rd period - Stopped by Keith Kinkaid without a rebound.
10:44 of 3rd period - Derick Brassard wins face-off versus Marcus Johansson in Rangers zone.
11:13 of 3rd period - Shot by Gustav Nyquist.
11:13 of 3rd period - Shot Misses the Net.
11:15 of 3rd period - Shot by Derick Brassard.
11:15 of 3rd period - Shot Blocked by Dylan Coghlan.
11:21 of 3rd period - Shot by Gustav Nyquist.
11:21 of 3rd period - Shot Misses the Net.
11:54 of 3rd period - Icing by Dylan Coghlan.
11:55 of 3rd period - Marcus Johansson wins face-off versus Sean Couturier in Rangers zone.
12:17 of 3rd period - Shot by Sean Couturier.
12:17 of 3rd period - Stopped by Keith Kinkaid without a rebound.
12:18 of 3rd period - Oskar Sundqvist wins face-off versus Nils Hoglander in Rangers zone.
12:19 of 3rd period - Shot by Miles Wood.
12:19 of 3rd period - Shot Misses the Net.
13:14 of 3rd period - Icing by Nils Hoglander.
13:15 of 3rd period - Jakub Vrana wins face-off versus Nils Hoglander in Rangers zone.
13:16 of 3rd period - Shot by Darnell Nurse.
13:16 of 3rd period - Goal by Darnell Nurse - Rangers : 2 - Red Wings : 3.
13:17 of 3rd period - Pierre-Luc Dubois wins face-off versus Jakub Vrana in neutral zone.
13:33 of 3rd period - Shot by Trevor Zegras.
13:33 of 3rd period - Shot Misses the Net.
13:35 of 3rd period - Shot by Kyle Turris.
13:35 of 3rd period - Shot Misses the Net.
13:50 of 3rd period - Off-side.
13:51 of 3rd period - Marcus Johansson wins face-off versus Derick Brassard in neutral zone.
13:54 of 3rd period - Shot by Jeff Skinner.
13:54 of 3rd period - Deflect By Ryan Reaves.
13:54 of 3rd period - Stopped by Vitek Vanecek without a rebound.
13:55 of 3rd period - Derick Brassard wins face-off versus Marcus Johansson in Red Wings zone.
13:55 of 3rd period - Derick Brassard is hit by Ryan Reaves.
14:16 of 3rd period - Oliver Ekman-Larsson is hit by Ryan Reaves and loses puck.
14:55 of 3rd period - Bowen Byram is hit by Conor Garland.
15:25 of 3rd period - Shot by Jakub Vrana.
15:25 of 3rd period - Shot Blocked by Ryan Lindgren.
15:27 of 3rd period - Shot by Sean Couturier.
15:27 of 3rd period - Goal by Sean Couturier - Rangers : 2 - Red Wings : 4.
15:28 of 3rd period - Gabriel Vilardi wins face-off versus Dominik Kahun in neutral zone.
15:43 of 3rd period - Samuel Girard is hit by Tyler Ennis and loses puck.
16:23 of 3rd period - Off-side.
16:24 of 3rd period - Marcus Johansson wins face-off versus Sean Couturier in neutral zone.
16:33 of 3rd period - Shot by Jeff Skinner.
16:33 of 3rd period - Stopped by Vitek Vanecek without a rebound.
16:34 of 3rd period - Oskar Sundqvist wins face-off versus Pierre-Luc Dubois in Red Wings zone.
16:51 of 3rd period - Icing by Oskar Sundqvist.
16:52 of 3rd period - Marcus Johansson wins face-off versus Oskar Sundqvist in Red Wings zone.
16:52 of 3rd period - Dylan Coghlan is hit by Jakob Chychrun and loses puck.
17:10 of 3rd period - Minor Penalty to Dylan Coghlan for Roughing.
17:11 of 3rd period - Pat Maroon wins face-off versus Derick Brassard in Rangers zone.
17:28 of 3rd period - Shot by Sean Walker.
17:28 of 3rd period - Stopped by Keith Kinkaid without a rebound.
17:29 of 3rd period - Sean Couturier wins face-off versus Pat Maroon in Rangers zone.
17:36 of 3rd period - Shot by Jakub Vrana.
17:36 of 3rd period - Shot Misses the Net.
17:53 of 3rd period - Icing by Sean Couturier.
17:54 of 3rd period - Sean Couturier wins face-off versus Gabriel Vilardi in Red Wings zone.
18:03 of 3rd period - Shot by Jakob Chychrun.
18:03 of 3rd period - Stopped by Keith Kinkaid with a rebound.
18:05 of 3rd period - Shot by Sean Couturier.
18:05 of 3rd period - Stopped by Keith Kinkaid without a rebound.
18:06 of 3rd period - Pierre-Luc Dubois wins face-off versus Derick Brassard in Rangers zone.
18:47 of 3rd period - Shot by Sean Walker.
18:47 of 3rd period - Shot Blocked by Bowen Byram.
19:26 of 3rd period - Shot by Jakob Chychrun.
19:26 of 3rd period - Shot Misses the Net.
19:51 of 3rd period - Jeff Skinner is hit by Darnell Nurse.
Goals for this period are 0 for Rangers vs 2 for Red Wings.
Shots for this period are 10 for Rangers vs 12 for Red Wings.